 Dungeon Crawl Stone Soup version 0.30.0-19-g36f170ea60 (webtiles) character file.

Game seed: 8897081555161132717

769 MacCMillion the Reanimator (level 7, -8/46 HPs)
             Began as a Mummy Necromancer on May 26, 2023.
             Killed from afar by Sigmund (15 damage)
             ... with a puff of flame
             ... on level 5 of the Dungeon.
             The game lasted 00:11:49 (4057 turns).

MacCMillion the Reanimator (Mummy Necromancer)      Turns: 4057, Time: 00:11:50

Health: -8/46      AC:  2    Str: 11    XL:     7   Next: 52%
Magic:  12/14      EV: 17    Int: 16    God:
Gold:   205        SH:  0    Dex: 13    Spells: 10/16 levels left

rFire   x . .        b - +4 spear (heavy)
rCold   + . .        (no shield)
rNeg    + + +        a - +0 robe
rPois   ∞            (no helmet)
rElec   .            (no cloak)
rCorr   .            (no gloves)
SInv    .            (no boots)
Will    .....        (no amulet)
Stlth   ++           i - +5 ring of evasion
HPRegen 0.27/turn    (no ring)
MPRegen 0.14/turn

%: faith
@: no status effects
A: cold resistance 1, negative energy resistance 3, torment resistance 2, heat
vulnerability 1, in touch with death 1, no potions, faith
a: no special abilities


You were on level 5 of the Dungeon.
You visited 1 branch of the dungeon, and saw 5 of its levels.

You collected 205 gold pieces.

Inventory:

Hand Weapons
 b - a +4 heavy spear (weapon)
Armour
 a - a +0 robe (worn)
Jewellery
 i - a +5 ring of evasion (left hand)
 l - an amulet of guardian spirit
Scrolls
 c - 2 scrolls of immolation {unknown}
 d - 7 scrolls of identify {unknown}
 e - 2 scrolls of torment {unknown}
 f - a scroll of amnesia {unknown}
 g - a scroll of fear {unknown}
 h - a scroll of brand weapon {unknown}
 j - 3 scrolls of teleportation {unknown}
 k - a scroll of vulnerability {unknown}
 m - a scroll of enchant weapon {unknown}
 n - a scroll of summoning {unknown}


   Skills:
 - Level 1.7 Dodging
 - Level 1.7 Stealth
 - Level 5.0 Spellcasting
 + Level 8.6 Necromancy


You had 10 spell levels left.
You knew the following spells:

 Your Spells              Type           Power      Damage    Failure   Level
a - Necrotise             Necr           100%       1d9       1%          1
b - Vampiric Draining     Necr           47%        2d9       1%          3
c - Cigotuvi's Dreadful   Necr/Pois/Air  38%        N/A       7%          2

Your spell library contained the following spells:

 Spells                   Type           Power      Damage    Failure   Level
 Kiss of Death            Conj/Necr      100%       2d13      2%          1
 Animate Dead             Necr           47%        N/A       4%          4
 Agony                    Necr           47%        N/A       12%         5
 Freeze                   Ice            16%        1d4       16%         1
 Slow                     Hex            16%        N/A       16%         1
 Confusing Touch          Hex            4%         N/A       41%         3
 Frozen Ramparts          Ice            8%         1d2       41%         3
 Hailstorm                Conj/Ice       4%         3d4       41%         3
 Ignite Poison            Fire/Tmut/Pois 4%         N/A       41%         3
 Freezing Cloud           Conj/Ice/Air   2%         6-21      99%         5
 Simulacrum               Ice/Necr       13%        N/A       99%         6
 Ice Form                 Ice/Tmut       Unusable   N/A       N/A         4

Dungeon Overview and Level Annotations

Branches:
Dungeon (5/15)
 Temple: D:4-7

Altars:
Ashenzari
Fedhas
Nemelex Xobeh
Qazlal
Wu Jian
Xom
Yredelemnul

Shops:
D:1 [   D:5 =

Annotations:
D:5 Sigmund


Innate Abilities, Weirdness & Mutations

You are immune to poison.
Your flesh is cold resistant. (rC+)
You are immune to negative energy. (rN+++)
You are immune to unholy pain and torment.
You are vulnerable to heat. (rF-)
You are in touch with the powers of death.
You do not drink.
You have a special connection with the divine. (Faith)


Message History

Something hits you but does no damage. The shadow imp barely misses you.
You closely miss the shadow imp. Something hits you! The shadow imp misses you.
Something barely misses you. The shadow imp barely misses you.
You hit the shadow imp.
The shadow imp is heavily wounded.
The shadow imp hits you. Something hits you.
Your magical contamination has completely faded away.
You closely miss the shadow imp.
The shadow imp is heavily wounded.
The shadow imp misses you. Something closely misses you.
The shadow imp misses you.
The shadow imp attacks as you move away!
The shadow imp closely misses you.
The shadow imp attacks as you move away!
The shadow imp hits you.
You hear the rapid hiss of a very distant avalanche of sand.
You closely miss the shadow imp. Your punch misses the shadow imp.
The shadow imp is heavily wounded.
The shadow imp hits you. Something barely misses you.
You barely miss the shadow imp.
The shadow imp is heavily wounded.
The shadow imp hits you.
* * * LOW HITPOINT WARNING * * *
Something hits you but does no damage. The shadow imp misses you.
You hit the shadow imp.
The shadow imp is heavily wounded.
The shadow imp hits you.
* * * LOW HITPOINT WARNING * * *
Something barely misses you. The shadow imp closely misses you.
You barely miss the shadow imp.
The shadow imp is heavily wounded.
The shadow imp hits you.
* * * LOW HITPOINT WARNING * * *
Something barely misses you.
You puncture the shadow imp!
You kill the shadow imp!
You hear some strange, mumbled words.
A puff of flame appears from out of thin air!
The puff of flame hits you! The fire burns you terribly!
You die...

##... ##..###........ .
......####...##.........
.
........................
.
#####....#####.......##.
. ##.### ##....##... .
#. #..#.....# . #.
##{...### . .# ##.#..# .
#@####.# ## #.# .# ### #


There were no monsters in sight!

Vanquished Creatures
  Eustachio (D:5)
  A black bear (D:3)
  An ogre (D:3)
  A phantom (D:5)
  A bullfrog (D:4)
  2 hounds
  2 iguanas
  Terence (D:2)
  5 adders
  A shadow imp (D:5)
  3 worms
  2 dart slugs (D:2)
  5 orcs
  7 endoplasms
  4 giant cockroaches
  5 goblins
  5 hobgoblins
  6 kobolds
  3 quokkas
  6 ball pythons
  A frilled lizard (D:1)
  2 rats
65 creatures vanquished.

Vanquished Creatures (collateral kills)
  A bullfrog (D:4)
  A rat (D:2)
2 creatures vanquished.

Grand Total: 67 creatures vanquished

Notes
Turn   | Place    | Note
-------+----------+-------------------------------------------
     0 | D:1      | MacCMillion the Mummy Necromancer began the quest for the
                  | Orb.
     0 | D:1      | Reached XP level 1. HP: 13/13 MP: 4/4
   225 | D:1      | Found Daecat's Armour Shop.
   245 | D:1      | Reached XP level 2. HP: 19/19 MP: 1/6
   802 | D:2      | Noticed Terence
   804 | D:2      | Gained mutation: You are in touch with the powers of death.
                  | [Mummy growth]
   804 | D:2      | Reached XP level 3. HP: 24/24 MP: 6/8
   840 | D:1      | Learned a level 3 spell: Vampiric Draining
   843 | D:1      | Learned a level 2 spell: Cigotuvi's Dreadful Rot
   905 | D:2      | Found a faded altar of an unknown god.
   916 | D:2      | Got Plato's Incunable of Shades
  1429 | D:3      | Reached XP level 4. HP: 30/30 MP: 3/10
  1610 | D:3      | Found a basalt altar of Yredelemnul.
  1610 | D:3      | Found a stormy altar of Qazlal.
  1617 | D:3      | Found a shimmering altar of Xom.
  1619 | D:3      | Found a blossoming altar of Fedhas.
  1621 | D:3      | Found an ornate altar of the Wu Jian Council.
  1625 | D:3      | Found a sparkling altar of Nemelex Xobeh.
  1678 | D:3      | Noticed a black bear
  1865 | D:3      | Killed a black bear
  1866 | D:3      | Reached skill level 5 in Spellcasting
  1866 | D:3      | Reached skill level 5 in Necromancy
  1866 | D:3      | Reached XP level 5. HP: 11/35 MP: 5/12
  2101 | D:4      | Noticed an ogre
  2270 | D:2      | Killed Terence
  2440 | D:3      | Killed an ogre
  2441 | D:3      | Reached skill level 6 in Necromancy
  2441 | D:3      | Reached XP level 6. HP: 41/41 MP: 8/13
  2540 | D:3      | Found a sparkling altar of Nemelex Xobeh.
  2545 | D:3      | Found an ornate altar of the Wu Jian Council.
  2549 | D:3      | Found a shimmering altar of Xom.
  2550 | D:3      | Found a blossoming altar of Fedhas.
  2556 | D:3      | Found a stormy altar of Qazlal.
  2560 | D:3      | Found a basalt altar of Yredelemnul.
  2763 | D:4      | Identified the +8 dagger of the Philosopher {holy, Dex+3}
  2952 | D:4      | Reached skill level 7 in Necromancy
  3173 | D:4      | Found a broken altar of Ashenzari.
  3329 | D:5      | Entered Level 5 of the Dungeon
  3333 | D:5      | Found Cuumeom's Jewellery Shoppe.
  3387 | D:5      | Noticed Eustachio
  3399 | D:5      | Killed Eustachio
  3400 | D:5      | Reached skill level 8 in Necromancy
  3400 | D:5      | Reached XP level 7. HP: 26/46 MP: 6/14
  4031 | D:5      | Noticed Sigmund
  4057 | D:5      | Killed from afar by Sigmund

Illustrated notes

Levels and vault maps discovered:
D:1:      roderic_crop_circles_arrival_small, layout_rooms, serial_shops, shop
D:2:      layout_loops_cross, shapermc_ecumenical_altar_rom_forum, uniq_terence
D:3:      layout_rooms, nicolae_overflow_hallway_of_the_gods,
          hangedman_glass_teeth
D:4:      layout_rooms, lemuel_crystal_altar
D:5:      layout_layer_cave, serial_shops, shop, enter_ossuary_3,
          serial_bayou_pond_a, lemuel_flame_loot_1, uniq_sigmund, uniq_eustachio

Skill      XL: |  1  2  3  4  5  6 |
---------------+-------------------+-----
Spellcasting   | 3 4 5 |  5.0
Necromancy     | 5 6 8 |  8.6
Dodging        | |  1.7
Stealth        | |  1.7

Action                     |  1- 3 |  4- 6 |  7- 9 || total
---------------------------+-------+-------+-------++-------
  Melee: Spear             |    19 |    22 |    22 ||    63
         Unarmed           |     4 |       |       ||     4
   Cast: Necrotise         |    47 |    56 |    18 ||   121
         Cigotuvi's Dreadf |       |     2 |       ||     2
         Vampiric Draining |       |     3 |       ||     3
 Armour: Robe              |     2 |    12 |     3 ||    17
  Dodge: Dodged            |    17 |    80 |    31 ||   128
